cohdb
Replays
Latest Replays
All Replays
Popular Replays
Top Player Replays
Match Explorer
How It Works
Community
CoH3 Stats
Reddit
Sign in to upload your games and track your stats! →
Sign in with Steam
Match 37839017
Unlisted
Match 37839017
Overview
Messages
Build Orders
End
Kettenkrad Recon Vehicle
Construct Infanterie Kompanie
Selects Mechanized Battlegroup
Grenadier Squad
MG 42 Machine Gun Team
Grenadier Squad
Construct Luftwaffe Kompanie
Jäger Squad
221 Scout Car
Selects Raid Package
Jäger Squad
Jäger Squad
Selects 8 Rad Armored Car
8 Rad Armored Car
Selects Mobile Repair Stations
8 Rad Armored Car
Medical Station
Pioneer Squad
Jäger Squad
BIOHAZARD
Quetzalcoatl
0
0
Comments
sign in to comment!
No comments posted yet!